Map: Blackburn LE

Players

TIME (Oliveira) - Winner!

  • Race: Terran Terran

ShoWTimE

  • Race: Protoss Protoss
  • League: Grandmaster

Event: DreamHack SC2 Masters Last Chance 2022

VOD

Have the link to the VOD?

Description

Time

  • Played on: Dec. 17, 2021, 1:51 p.m.
  • Length: 11:18

All games in this series

Show
View Real Time Build Order
Export as new Build Order

TIME Terran - Winner!

Build Orders:  

Get SALT Encoding   

  12  0:00  SCV  
  13  0:12  SCV  
  14  0:17  Supply Depot  
  14  0:24  SCV  
  15  0:38  SCV  
  15  0:40  Barracks  
  16  0:44  Refinery  
  16  0:50  SCV  
  16  0:53  Refinery  
  17  1:03  SCV  
  18  1:06  Supply Depot  
  18  1:15  SCV  
  19  1:27  Reaper  
  19  1:29  Orbital Command  
  20  1:43  Factory  
  20  1:54  SCV  
  21  2:04  Barracks Reactor  
  21  2:07  SCV  
  22  2:19  SCV  
  22  2:22  Command Center  
  23  2:31  SCV  
  23  2:35  Starport  
  24  2:44  Supply Depot  
  24  2:45  Widow Mine  
  24  2:47  Widow Mine  
  24  2:49  SCV  
  29  3:08  Widow Mine  
  29  3:09  Widow Mine  
  29  3:11  Medivac  
  35  3:17  SCV  
  36  3:22  Armory  
  36  3:30  SCV  
  36  3:31  Widow Mine  
  41  3:34  Widow Mine, Orbital Command  
  41  3:42  SCV  
  42  3:49  Medivac  
  44  3:57  Widow Mine  
  44  3:58  Widow Mine  
  44  4:01  SCV  
  45  4:10  Orbital Command  
  45  4:17  Supply Depot  
  45  4:18  Widow Mine, SCV  
  45  4:19  Widow Mine  
  49  4:29  Medivac  
  49  4:30  SCV  
  52  4:32  Barracks Tech Lab  
  52  4:34  Bunker  
  52  4:38  SCV  
  52  4:42  SCV  
  52  4:48  Widow Mine  
  52  4:50  SCV  
  52  4:51  Widow Mine  
  51  4:54  SCV  
  51  4:57  Marine  
  51  5:02  Barracks  
  51  5:03  SCV  
  51  5:05  Stimpack  
  51  5:06  Barracks  
  48  5:09  Widow Mine  
  48  5:12  Widow Mine  
  50  5:17  SCV x2  
  50  5:19  Engineering Bay  
  50  5:20  Refinery, Starport Reactor  
  52  5:25  Marine  
  53  5:29  SCV x2  
  57  5:41  SCV  
  56  5:43  SCV  
  56  5:45  Supply Depot, Terran Infantry Weapons Level 1  
  56  5:46  Factory Tech Lab  
  56  5:47  Missile Turret, Marine  
  54  5:59  SCV  
  54  6:02  Supply Depot, Starport Reactor  
  54  6:03  Missile Turret, Marine x3  
  57  6:05  Marine  
  57  6:08  Marine  
  57  6:09  SCV  
  60  6:13  SCV  
  60  6:17  Siege Tank  
  62  6:21  Marine  
  62  6:23  SCV, Marine x3  
  62  6:25  SCV  
  67  6:26  Marine  
  68  6:34  Supply Depot  
  68  6:35  SCV  
  68  6:37  SCV  
  68  6:38  Marine  
  68  6:39  Liberator, Medivac  
  76  6:41  Marine  
  77  6:47  Refinery  
  77  6:48  SCV  
  77  6:49  Supply Depot, Marine x2  
  77  6:51  Combat Shield  
  77  6:53  SCV  
  77  6:55  Marine  
  77  7:00  Marine  
  77  7:01  Supply Depot  
  77  7:02  Siege Tank  
  77  7:05  SCV x2  
  82  7:08  Marine  
  82  7:10  Marine x2  
  82  7:11  Supply Depot  
  82  7:15  Marauder  
  87  7:19  Marine  
  88  7:27  Marine  
  89  7:30  Marine  
  89  7:34  Medivac, Command Center  
  89  7:35  Siege Tank  
  95  7:37  Marine x2  
  95  7:41  Medivac  
  95  7:42  SCV  
  95  7:43  SCV  
  99  7:47  Supply Depot  
  99  7:48  Marine  
  100  7:54  Marine x2  
  100  7:55  SCV  
  101  8:09  Marine x2  
  101  8:10  Siege Tank  
  101  8:11  Medivac  
  105  8:13  SCV  
  105  8:19  Marine x2  
  92  8:27  Medivac  
  92  8:32  SCV, Marine  
  92  8:33  Marine  
  91  8:36  Marine  
  91  8:38  Barracks  
  91  8:39  Barracks  
  84  8:42  Marine x2  
  84  8:44  Medivac, Siege Tank  
  84  8:46  Terran Infantry Weapons Level 2, SCV  
  84  8:47  Engineering Bay  
  90  8:50  Marine  
  90  8:51  Marine  
  90  8:53  Orbital Command  
  92  8:57  Marine  
  92  9:00  SCV x2  
  92  9:01  Marine  
  97  9:12  SCV x2  
  100  9:20  SCV  
  100  9:21  Terran Infantry Armor Level 1  
  100  9:23  Marine x2  
  100  9:24  Marauder, SCV x2  
  105  9:29  Barracks Reactor  
  105  9:30  Widow Mine x2  
  105  9:31  Marauder, Missile Turret  
  111  9:32  SCV  
  111  9:35  Barracks Tech Lab  
  111  9:36  SCV  
  111  9:37  Command Center  
  111  9:38  Missile Turret  
  113  9:42  Supply Depot, Marine  
  113  9:44  Marine  
  115  9:48  Marauder, Supply Depot, SCV  
  115  9:49  SCV x2  
  115  9:50  Supply Depot, Refinery x2  
  120  9:53  Marauder  
  120  9:54  Widow Mine x2  
  120  9:58  Marauder  
  126  10:02  Bunker  
  126  10:03  Marine x2  
  126  10:04  Supply Depot  
  128  10:08  Ghost Academy  
  128  10:09  Marauder, Marine x2  
  132  10:14  Marauder  
  132  10:18  Widow Mine x2  
  140  10:23  Marine x2  
  142  10:29  Supply Depot  
  142  10:33  Marine x2  
  146  10:36  Medivac x2  
  146  10:40  Ghost x3  
  146  10:42  Marine x2  
  151  10:47  SCV  
  150  10:55  Marine  
  150  11:00  SCV  
  150  11:02  SCV  
  150  11:03  SCV  
Show
View Real Time Build Order
Export as new Build Order

ShoWTimE Protoss 

Build Orders: 1 Gate Expand, Phoenix Opening 

Get SALT Encoding   

  12  0:00  Probe  
  13  0:12  Probe  
  14  0:17  Pylon  
  14  0:24  Probe (Chrono Boost)  
  15  0:36  Probe (Chrono Boost)  
  15  0:37  Gateway  
  16  0:44  Probe (Chrono Boost)  
  16  0:45  Assimilator  
  17  0:50  Probe  
  18  1:03  Probe  
  19  1:15  Probe  
  20  1:22  Nexus  
  20  1:31  Cybernetics Core  
  20  1:35  Probe  
  21  1:40  Assimilator  
  21  1:47  Probe  
  22  1:51  Pylon  
  22  1:59  Probe  
  23  2:06  Adept (Chrono Boost)  
  23  2:11  Probe  
  23  2:15  Shield Battery  
  26  2:21  Stargate  
  26  2:25  Probe  
  26  2:29  Adept (Chrono Boost)  
  27  2:36  Probe (Chrono Boost)  
  30  2:43  Probe (Chrono Boost)  
  31  2:48  Probe (Chrono Boost), Warp Gate  
  33  2:53  Probe x2 (Chrono Boost)  
  33  2:55  Adept  
  36  3:02  Probe  
  36  3:03  Probe  
  38  3:10  Phoenix (Chrono Boost)  
  40  3:14  Probe  
  40  3:15  Probe  
  40  3:17  Pylon  
  42  3:25  Adept  
  42  3:27  Probe  
  45  3:32  Probe  
  46  3:35  Phoenix (Chrono Boost)  
  46  3:39  Probe  
  49  3:44  Probe  
  49  3:47  Pylon  
  50  3:51  Probe  
  50  3:53  Phoenix (Chrono Boost)  
  53  3:56  Probe  
  53  3:58  Pylon  
  54  4:05  Probe  
  54  4:08  Probe  
  55  4:15  Oracle (Chrono Boost)  
  51  4:17  Probe  
  51  4:20  Probe  
  56  4:27  Gateway  
  56  4:30  Gateway, Probe  
  57  4:32  Probe  
  57  4:36  Stalker  
  60  4:42  Probe  
  60  4:44  Probe  
  55  4:56  Probe  
  55  5:01  Stalker  
  55  5:02  Probe  
  58  5:08  Probe  
  58  5:13  Phoenix (Chrono Boost)  
  61  5:20  Probe  
  62  5:23  Probe  
  62  5:25  Pylon  
  63  5:29  Phoenix (Chrono Boost)  
  65  5:41  Nexus  
  63  5:43  Probe  
  63  5:44  Probe  
  65  5:55  Probe  
  65  5:56  Probe  
  67  6:01  Twilight Council, Forge  
  67  6:08  Probe x2  
  54  6:20  Probe x2 (Chrono Boost)  
  56  6:30  Probe x2 (Chrono Boost)  
  56  6:31  Protoss Ground Armor Level 1 (Chrono Boost)  
  58  6:35  Gateway x2, Probe x2 (Chrono Boost), Charge (Chrono Boost)  
  60  6:40  Gateway  
  60  6:46  Probe x2  
  59  6:58  Probe (Chrono Boost)  
  59  7:00  Gateway, Probe (Chrono Boost)  
  61  7:02  Gateway  
  61  7:04  Probe (Chrono Boost)  
  62  7:10  Probe (Chrono Boost)  
  62  7:12  Sentry x3  
  62  7:15  Probe (Chrono Boost)  
  71  7:16  Probe (Chrono Boost)  
  71  7:18  Probe (Chrono Boost)  
  71  7:20  Probe (Chrono Boost)  
  71  7:22  Probe  
  74  7:24  Pylon  
  74  7:25  Probe  
  76  7:30  Probe  
  76  7:31  Shield Battery  
  76  7:34  Probe  
  76  7:35  Zealot x2  
  79  7:37  Probe  
  79  7:41  Zealot x2  
  79  7:43  Zealot  
  86  7:44  Zealot  
  86  7:50  Pylon  
  88  7:52  Pylon  
  87  8:00  Stalker x3  
  88  8:06  Zealot x2  
  88  8:15  Zealot x2  
  88  8:18  Zealot  
  84  8:23  Zealot  
  70  8:28  Probe  
  70  8:32  Zealot x3  
  70  8:33  Protoss Ground Weapons Level 1 (Chrono Boost)  
  62  8:37  Probe  
  62  8:38  Probe  
  62  8:40  Probe  
  63  8:47  Zealot  
  63  8:48  Zealot x2  
  69  8:52  Zealot, Sentry  
  73  8:55  Zealot x2  
  73  9:02  Zealot  
  79  9:05  Probe x2  
  79  9:09  Zealot x2  
  85  9:13  Pylon  
  85  9:16  Probe  
  86  9:17  Probe  
  86  9:18  Probe  
  86  9:19  Assimilator  
  86  9:23  Assimilator  
  88  9:24  Zealot x3  
  88  9:31  Gateway  
  94  9:32  Sentry  
  94  9:33  Zealot  
  98  9:39  Zealot x2  
  98  9:44  Zealot  
  98  9:45  Zealot x2  
  108  9:48  Pylon  
  108  9:56  Zealot x3  
  114  10:01  Zealot  
  114  10:04  Pylon  
  116  10:08  Pylon  
  116  10:21  Templar Archives  
  116  10:22  Zealot x6  
  116  10:23  Zealot  
  116  10:25  Zealot  
  132  10:28  Zealot  
  132  10:44  Zealot x4  
  128  11:01  Zealot x5  
  112  11:10  Zealot x4  

Tags
 
Add a new tag
Caveats
  • Supply blocks, unpowered buildings, or Contaminate may cause inaccurate times.
  • Supply counts are checked every 10 seconds.